 Dungeon Crawl Stone Soup version 0.21.1-1-g345015fe64 (webtiles) character file.

24252 Fymir27 the Nimble (level 12, -1/77 HPs)
             Began as a Deep Elf Air Elementalist on May 8, 2018.
             Was a High Priest of Vehumet.
             Slain by a black mamba (12 damage)
             ... on level 4 of the Lair of Beasts on May 9, 2018.
             The game lasted 02:15:43 (25116 turns).

Fymir27 the Nimble (Deep Elf Air Elementalist)     Turns: 25116, Time: 02:15:45

Health: -1/77      AC: 16    Str:  5    XL:     12   Next: 79%
Magic:  1/28       EV: 21    Int: 28    God:    Vehumet [*****.]
Gold:   782        SH:  0    Dex: 15    Spells: 6/31 levels left

rFire    x x .     SeeInvis .   a - +2 trident (protect)
rCold    + . .     Gourm    .   (no shield)
rNeg     + . .     Faith    .   B - +2 leather armour of Sin {+Inv rF- rN+ Int+2}
rPois    .         Spirit   .   d - +0 helmet
rElec    .         Reflect  .   M - +0 cloak
rCorr    .         Harm     .   n - +0 pair of gloves
MR       +....                  t - +0 pair of boots
Stlth    ++++......             (no amulet)
HPRegen  0.22/turn              D - +3 ring of evasion
MPRegen  0.21/turn              T - ring of ice

@: lethally poisoned (-1 -> -13), protection aura, studying 2 skills
A: no striking features
a: Renounce Religion, Evoke Invisibility


You were on level 4 of the Lair of Beasts.
You worshipped Vehumet.
Vehumet was extremely pleased with you.
You were not hungry.

You visited 3 branches of the dungeon, and saw 16 of its levels.
You also visited: Bailey.

You collected 782 gold pieces.

Inventory:

Hand Weapons
 a - a +2 trident of protection (weapon)
 m - a +3 long sword
 H - a +0 shortbow
 L - a +2 dagger
 W - a +0 demon whip
Missiles
 y - 16 tomahawks (quivered)
 I - 221 arrows
Armour
 d - a +0 helmet (worn)
 k - a +2 robe of fire resistance
 n - a +0 pair of gloves (worn)
 t - a +0 pair of boots (worn)
 B - the +2 leather armour of Sin (worn) {+Inv rF- rN+ Int+2}
   (You found it on level 4 of the Dungeon)

   It affects your intelligence (+2).
   It makes you vulnerable to fire.
   It protects you from negative energy.
   It lets you turn invisible.
 M - a +0 cloak (worn)
 P - a +1 robe of magic resistance
Jewellery
 D - a +3 ring of evasion (left hand)
 T - a ring of ice (right hand)
Wands
 G - a wand of random effects (17)
 K - a wand of flame (17)
 N - a wand of iceblast (5)
 Q - a wand of acid (10)
Scrolls
 e - 2 scrolls of fog
 h - 4 scrolls of amnesia
 i - 3 scrolls of remove curse
 o - a scroll of fear
 u - 4 scrolls of teleportation
 z - a scroll of enchant armour {unknown}
 A - 3 scrolls of immolation {unknown}
 C - 4 scrolls of enchant weapon
 O - a scroll of blinking
Potions
 f - a potion of brilliance {unknown}
 g - a potion of might {unknown}
 p - 2 potions of cancellation {unknown}
 q - 3 potions of haste
 r - a potion of ambrosia {unknown}
 s - a potion of degeneration {unknown}
 v - 2 potions of magic
 w - 3 potions of mutation
 x - 2 potions of invisibility {unknown}
 J - 3 potions of flight
 S - a potion of resistance {unknown}
Books
 j - a book of Changes

   Spells                             Type                      Level
   a - Beastly Appendage              Transmutation                1
   b - Sticks to Snakes               Transmutation                2
   c - Spider Form                    Transmutation/Poison         3
   d - Ice Form                       Ice/Transmutation            4
   e - Blade Hands                    Transmutation                5
 E - a manual of Shields
 F - a manual of Fighting
 V - a book of Necromancy

   Spells                             Type                      Level
   a - Pain                           Necromancy                   1
   b - Animate Skeleton               Necromancy                   1
   c - Vampiric Draining              Necromancy                   3
   d - Regeneration                   Charms/Necromancy            3
   e - Animate Dead                   Necromancy                   4
   f - Borgnjor's Vile Clutch         Necromancy/Earth             5
Miscellaneous
 l - a fan of gales
 R - a crystal ball of energy
 U - a phantom mirror
Comestibles
 b - 4 chunks of flesh
 c - 15 rations


   Skills:
 + Level 9.8 Fighting
 - Level 3.1 Armour
 + Level 11.0 Dodging
 + Level 8.1 Stealth
 - Level 10.0 Spellcasting
 - Level 10.0 Conjurations
 + Level 3.7 Charms
 + Level 1.4 Necromancy
 - Level 10.0 Air Magic
 + Level 6.0 Evocations


You had 6 spell levels left.
You knew the following spells:

 Your Spells              Type           Power        Failure   Level  Hunger
a - Shock                 Conj/Air       ####         1%          1    None
b - Airstrike             Air            ######....   1%          4    None
c - Lightning Bolt        Conj/Air       ######....   1%          5    ###....
d - Regeneration          Chrm/Necr      ####......   7%          3    None
e - Static Discharge      Conj/Air       ######..     1%          3    None
f - Swiftness             Chrm/Air       ######..     1%          2    None
g - Conjure Flame         Conj/Fire      #####...     1%          3    None
h - Animate Skeleton      Necr           N/A          3%          1    None
i - Mephitic Cloud        Conj/Pois/Air  ######..     1%          3    None


Dungeon Overview and Level Annotations

Branches:
Dungeon (11/15)            Temple (1/1) D:6            Lair (4/6) D:9
 Spider (0/4) Lair:2
  Swamp: Lair:2-4    Shoals: Lair:2-4       Orc: D:9-12

Altars:
Ashenzari
Cheibriados
Dithmenos
Elyvilon
Fedhas
Gozag
Hepliaklqana
Kikubaaqudgha
Makhleb
Nemelex Xobeh
Okawaru
Qazlal
Ru
Sif Muna
Trog
Uskayaw
Vehumet
Wu Jian
Xom
Yredelemnul
Zin
The Shining One
Beogh

Annotations:
D:7 supermoro's ghost, novice MiGl
D:10 ugly thing
Lair:2 exclusion: 3 oklob plants


Message History

You feel sick. The black mamba closely misses you.
The black mamba bites you but does no damage.
Casting: Shock
Confirm with . or Enter, or press ? or * to list all spells.
Aiming: Shock
Press: ? - help, Shift-Dir - straight line, f/p - black mamba
Aim: a black mamba (severely wounded)
The zap hits the black mamba.
The black mamba is almost dead.
You feel sick. The black mamba barely misses you. x2
You miss the black mamba.
The black mamba is almost dead.
You feel sick. The black mamba bites you! The black mamba closely misses you.
You hit the black mamba but do no damage.
The black mamba is severely wounded.
Your skin stops crawling.
You feel sick. The black mamba bites you!
* * * LOW HITPOINT WARNING * * *
The black mamba bites you!
You die...

.#. #... ...[#
...# ## ##.
...###. ....
#....#.....
.#####.........
.......@......#
....#..S.......
. .............
#P..†..........
##........P....
#.............
#.............
.....#.(.....#


You could see a black mamba.

Vanquished Creatures
  The ghost of NeonDemon the Cleaver, a journeyman KoBe of Trog (D:11)
  A hydra (Lair:2)
  3 two-headed ogres
  An unseen horror (D:10)
  Joseph (D:8)
  A black mamba (Lair:2)
  3 spiny frogs
  4 kobold demonologists (D:11)
  6 komodo dragons
  Prince Ribbit (Lair:1)
  2 hippogriffs
  9 blink frogs
  2 wyverns
  2 humans (D:9)
  20 yaks
  A basilisk (Lair:1)
  A hungry ghost (D:8)
  6 water moccasins
  3 porcupines
  A hornet zombie (D:11)
  19 orc warriors
  3 phantoms
  2 ice beasts (D:9)
  A necrophage (D:9)
  5 sky beasts
  9 ogres
  8 centaurs
  8 wolves
  5 crocodiles
  18 bullfrogs
  2 big kobolds (D:11)
  3 scorpions
  3 killer bees (D:11)
  4 howler monkeys
  10 wights
  An electric eel (D:11)
  2 centaur zombies
  7 crimson imps
  3 bullfrog zombies
  4 hounds
  3 jellies
  8 orc priests
  12 orc wizards
  2 bullfrog skeletons (D:11)
  A centaur skeleton (D:4)
  4 iguanas
  8 worker ants
  A worker ant zombie (D:8)
  6 gnolls (D:7)
  2 howler monkey skeletons (D:7)
  2 river rats (D:9)
  15 adders
  4 shadow imps
  2 oozes
  4 worms
  3 adder skeletons
  2 adder zombies
  5 dart slugs
  3 leopard geckos
  50 orcs
  2 ball pythons
  3 bats
  A bat zombie (D:1)
  5 giant cockroaches
  10 goblins
  2 hobgoblins
  8 jackals
  4 quokkas
  13 frilled lizards
  A jackal skeleton (D:8)
  8 kobolds
  2 leopard gecko skeletons
  2 quokka skeletons
  12 rats
  A plant (Lair:1)
397 creatures vanquished.

Notes
Turn   | Place    | Note
-------+----------+-------------------------------------------
     0 | D:1      | Fymir27 the Deep Elf Air Elementalist began the quest for the Orb.
     0 | D:1      | Reached XP level 1. HP: 10/10 MP: 6/6
   126 | D:1      | Reached XP level 2. HP: 15/15 MP: 1/8
   393 | D:1      | Found a sparkling altar of Nemelex Xobeh.
   652 | D:1      | Reached XP level 3. HP: 19/19 MP: 7/10
   904 | D:1      | Learned a level 2 spell: Swiftness
   908 | D:1      | Learned a level 3 spell: Static Discharge
  1332 | D:2      | Reached XP level 4. HP: 21/24 MP: 7/12
  2276 | D:3      | Reached XP level 5. HP: 27/28 MP: 0/14
  2460 | D:3      | Learned a level 4 spell: Airstrike
  2866 | D:3      | Reached skill level 5 in Spellcasting
  3419 | D:3      | You fall through a shaft for 2 floors!
  3419 | D:5      | Entered Level 5 of the Dungeon
  3437 | D:5      | Reached XP level 6. HP: 25/33 MP: 3/15
  3441 | D:5      | Reached skill level 3 in Dodging
  3601 | D:5      | Reached skill level 1 in Fighting
  3660 | D:4      | Found a sparkling altar of Nemelex Xobeh.
  3859 | D:4      | Learned a level 5 spell: Lightning Bolt
  4413 | D:4      | Reached skill level 5 in Air Magic
  4413 | D:4      | Reached XP level 7. HP: 38/38 MP: 0/16
  4787 | D:4      | Got an encrusted leather armour
  4788 | D:4      | Identified the +2 leather armour of Sin {+Inv rF- rN+ Int+2} (You found it on level 4 of the Dungeon)
  5445 | D:5      | Reached skill level 4 in Dodging
  5739 | D:5      | Reached skill level 5 in Conjurations
  5955 | D:5      | Reached skill level 1 in Armour
  6048 | D:5      | Reached XP level 8. HP: 44/44 MP: 8/17
  6654 | D:5      | Found a sacrificial altar of Ru.
  6660 | D:5      | Found a stormy altar of Qazlal.
  6664 | D:5      | Found a glowing silver altar of Zin.
  6742 | D:6      | Found a staircase to the Ecumenical Temple.
  6776 | Temple   | Entered the Ecumenical Temple
  6929 | Temple   | Became a worshipper of Vehumet
  8147 | D:7      | Reached skill level 5 in Stealth
  8197 | D:7      | Noticed supermoro's ghost (novice MiGl)
  8215 | D:7      | Reached skill level 5 in Dodging
  8780 | D:7      | Reached XP level 9. HP: 50/50 MP: 6/20
  8787 | D:7      | Reached * piety under Vehumet
  8787 | D:7      | Offered knowledge of Flame Tongue by Vehumet.
  9964 | D:8      | Reached skill level 6 in Dodging
  9976 | D:8      | Found a flagged portal.
  9995 | Bailey   | Entered a bailey
 11429 | Bailey   | Reached XP level 10. HP: 36/57 MP: 4/21
 11604 | Bailey   | Noticed an orc knight
 12067 | D:8      | Offered knowledge of Sting by Vehumet.
 12070 | D:8      | Reached ** piety under Vehumet
 12293 | D:8      | Reached skill level 7 in Dodging
 13013 | D:8      | Reached skill level 5 in Fighting
 13147 | D:8      | Noticed Joseph
 13157 | D:8      | Killed Joseph
 13304 | D:9      | Noticed a two-headed ogre
 13719 | D:9      | Offered knowledge of Mephitic Cloud by Vehumet.
 13736 | D:9      | Learned a level 3 spell: Mephitic Cloud
 13802 | D:9      | Reached skill level 1 in Charms
 13907 | D:9      | Found a sparkling altar of Nemelex Xobeh.
 13907 | D:9      | Found a faded altar of an unknown god.
 14020 | D:9      | Found a shattered altar of Ashenzari.
 14027 | D:9      | Found a deep blue altar of Sif Muna.
 14028 | D:9      | Found a faded altar of an unknown god.
 14077 | D:9      | Killed a two-headed ogre
 14361 | D:9      | Noticed a death yak
 14369 | D:9      | Noticed a death yak
 14636 | D:9      | Noticed a two-headed ogre
 14651 | D:9      | Killed a two-headed ogre
 14651 | D:9      | Reached XP level 11. HP: 64/64 MP: 0/23
 14665 | D:9      | Reached *** piety under Vehumet
 14859 | D:10     | Entered Level 10 of the Dungeon
 14972 | D:10     | Killed an unseen horror
 14972 | D:10     | Reached skill level 8 in Dodging
 15170 | D:9      | Found a staircase to the Lair.
 15180 | D:9      | Reached skill level 10 in Conjurations
 15386 | D:9      | Found an iron altar of Okawaru.
 15935 | D:10     | Noticed a two-headed ogre
 16537 | D:10     | Killed a two-headed ogre
 16845 | D:11     | Noticed a cyan ugly thing
 16846 | D:11     | Reached skill level 1 in Evocations
 17119 | D:11     | Found a bloodstained altar of Trog.
 17328 | D:11     | Reached skill level 10 in Air Magic
 17336 | D:11     | Offered knowledge of Stone Arrow by Vehumet.
 17552 | D:11     | Noticed NeonDemon's ghost (journeyman KoBe)
 17559 | D:11     | Killed NeonDemon's ghost
 17909 | D:11     | Reached skill level 9 in Dodging
 18597 | D:11     | Reached **** piety under Vehumet
 18779 | D:11     | Found a roughly hewn altar of Beogh.
 19270 | D:11     | Offered knowledge of Conjure Flame by Vehumet.
 19275 | D:11     | Learned a level 3 spell: Conjure Flame
 19299 | D:11     | Noticed a soul eater
 20265 | Lair:1   | Entered Level 1 of the Lair of Beasts
 20963 | Lair:1   | Reached XP level 12. HP: 73/73 MP: 15/26
 21077 | Lair:1   | Noticed Prince Ribbit
 21090 | Lair:1   | Killed Prince Ribbit
 21760 | Lair:1   | Reached skill level 10 in Dodging
 21899 | Lair:1   | Reached skill level 5 in Evocations
 22845 | Lair:2   | Found a hole to the Spider Nest.
 22947 | Lair:2   | Noticed a seven-headed hydra
 22953 | Lair:2   | Killed a seven-headed hydra
 23986 | Lair:2   | Reached skill level 10 in Spellcasting
 24400 | Lair:3   | Learned a level 1 spell: Animate Skeleton
 24404 | Lair:3   | Learned a level 3 spell: Regeneration
 24946 | Lair:3   | Reached skill level 1 in Necromancy
 24948 | Lair:3   | Reached ***** piety under Vehumet
 25098 | Lair:4   | Reached skill level 11 in Dodging
 25116 | Lair:4   | Slain by a black mamba

Skill      XL: |  1  2  3  4  5  6  7  8  9 10 11 12 |
---------------+-------------------------------------+-----
Conjurations   | 2 3 4 5 6 8 9 10 | 10.0
Stealth        | 3 4 5 6 8 |  8.1
Spellcasting   | 4 5 6 8 10 | 10.0
Air Magic      | 4 5 6 8 9 10 | 10.0
Dodging        | 3 4 5 6 7 9 11 | 11.0
Fighting       | 1 2 3 4 5 8 9 |  9.8
Armour         | 1 2 3 |  3.1
Charms         | 2 3 |  3.7
Evocations     | 4 6 |  6.0
Necromancy     | 1 |  1.4

Action                   |  1- 3 |  4- 6 |  7- 9 | 10-12 || total
-------------------------+-------+-------+-------+-------++-------
Melee: Unarmed           |     1 |       |       |       ||     1
       Mace              |     2 |       |       |       ||     2
       Dagger            |     9 |    28 |     2 |    18 ||    57
       Long sword        |       |     5 |     1 |       ||     6
       Trident           |       |       |    38 |    87 ||   125
Throw: Throwing net      |       |       |       |     2 ||     2
 Cast: Shock             |    81 |   137 |   150 |   236 ||   604
       Swiftness         |       |     4 |     1 |     5 ||    10
       Airstrike         |       |     3 |   119 |   245 ||   367
       Static Discharge  |       |       |     1 |     2 ||     3
       Lightning Bolt    |       |       |       |    74 ||    74
       Mephitic Cloud    |       |       |       |     3 ||     3
       Animate Skeleton  |       |       |       |     2 ||     2
       Regeneration      |       |       |       |     1 ||     1
Evoke: Wand              |       |       |       |     8 ||     8
  Use: Scroll            |     4 |     5 |     2 |    17 ||    28
       Potion            |       |     1 |     1 |     7 ||     9
 Stab: Sleeping          |     4 |     2 |    11 |     3 ||    20
  Eat: Chunk             |     1 |     9 |    28 |    37 ||    75
       Ration            |       |       |     2 |    10 ||    12
Armor: Robe              |     2 |     4 |     1 |    38 ||    45
       Skin              |       |    38 |       |    20 ||    58
       Leather armour    |       |       |    19 |    10 ||    29
Dodge: Dodged            |    16 |    19 |   102 |   322 ||   459
       Rpst.: Long sword |       |     3 |     2 |       ||     5
